Map: Prion Terraces

Players

LilDicky

  • Race: Terran Terran
  • League: Diamond

Deadpool - Winner!

  • Race: Terran Terran
  • League: Diamond

VOD

http://www.twitch.tv/tumescentpie

Description

Time

  • Played on: Dec. 2, 2015, 2:27 a.m.
  • Length: 7:47
Show
View Real Time Build Order
Export as new Build Order

LilDicky Terran 

Build Orders:  

Get SALT Encoding   

  12  0:06  SCV  
  13  0:19  SCV  
  14  0:24  Supply Depot  
  14  0:34  SCV  
  15  0:46  SCV  
  15  0:48  Barracks  
  16  1:00  SCV  
  17  1:12  SCV  
  18  1:39  Marine  
  19  1:40  Orbital Command  
  19  1:42  Command Center  
  19  1:46  Supply Depot  
  19  1:58  Marine  
  20  2:08  Command Center  
  20  2:14  SCV  
  21  2:17  Marine  
  22  2:26  SCV  
  23  2:34  Barracks  
  23  2:35  Marine  
  23  2:36  Barracks  
  24  2:41  SCV  
  25  2:53  SCV, Marine  
  25  2:57  Orbital Command  
  27  3:05  SCV  
  27  3:11  Marine  
  29  3:17  SCV  
  29  3:18  Barracks  
  30  3:21  Marine  
  30  3:26  Orbital Command  
  31  3:27  SCV  
  31  3:32  SCV, Marine  
  34  3:35  Marine  
  34  3:40  Marine  
  36  3:42  SCV, Barracks  
  37  3:50  Marine  
  37  3:51  SCV, Engineering Bay  
  37  3:52  SCV  
  37  3:53  Marine  
  41  3:58  Marine  
  42  4:05  Barracks  
  42  4:06  Marine  
  42  4:08  SCV, Marine  
  42  4:09  SCV x2  
  47  4:11  Marine  
  47  4:16  Barracks, Marine  
  48  4:20  SCV  
  48  4:24  Marine  
  49  4:26  Marine  
  44  4:35  Marine x2  
  44  4:38  Marine  
  44  4:42  Marine  
  44  4:44  Marine  
  47  4:52  SCV x2, Missile Turret  
  49  4:53  Marine x2  
  49  4:56  Marine  
  49  4:58  Missile Turret  
  49  4:59  Marine  
  52  5:02  Marine  
  52  5:03  Marine  
  52  5:06  Barracks  
  55  5:07  Barracks  
  55  5:08  Missile Turret  
  55  5:11  Marine x2  
  55  5:13  SCV  
  55  5:14  Marine x2  
  59  5:17  Marine  
  61  5:29  SCV x2, Marine x4  
  61  5:31  SCV, Marine, Supply Depot  
  61  5:35  Marine x2  
  62  5:47  Marine x4  
  62  5:49  Marine  
  62  5:52  Marine  
  62  5:53  Marine  
  62  5:55  Marine x2  
  62  5:56  SCV  
  63  6:05  Supply Depot, Marine x4  
  63  6:06  SCV  
  63  6:07  SCV, Marine  
  63  6:08  SCV  
  63  6:10  Command Center, Marine  
  63  6:11  Marine  
  73  6:13  Marine x2  
  75  6:19  SCV  
  75  6:22  Marine  
  75  6:24  Barracks  
  75  6:25  Barracks x2  
  77  6:26  Missile Turret  
  77  6:27  Marine x4  
  77  6:28  Marine  
  77  6:29  Supply Depot, Marine  
  77  6:31  Marine  
  77  6:32  SCV  
  85  6:38  Supply Depot  
  85  6:41  SCV, Marine  
  85  6:45  Barracks  
  71  6:50  Marine x3  
  71  6:51  Marine x4  
  56  6:55  Marine  
  56  6:59  Marine  
  51  7:08  Marine x4  
  44  7:09  Marine x3  
  44  7:13  Marine  
  48  7:17  Marine  
  48  7:26  Marine x4  
  48  7:27  Marine x2  
Show
View Real Time Build Order
Export as new Build Order

Deadpool Terran - Winner!

Build Orders: 1/1/1 

Get SALT Encoding   

  12  0:01  SCV  
  13  0:13  SCV  
  14  0:18  Supply Depot  
  14  0:27  SCV  
  15  0:35  Refinery  
  15  0:39  SCV  
  16  0:44  Barracks  
  16  0:51  SCV  
  17  0:58  Supply Depot  
  17  1:04  SCV  
  18  1:16  SCV  
  19  1:29  Refinery  
  19  1:32  Marine  
  20  1:36  Orbital Command  
  20  1:40  Factory  
  20  1:49  Marine  
  21  2:05  SCV  
  21  2:07  Marine  
  23  2:17  SCV  
  23  2:21  Supply Depot  
  24  2:24  Factory Tech Lab  
  24  2:27  Barracks Reactor  
  24  2:29  Starport  
  24  2:33  SCV  
  25  2:44  Supply Depot  
  25  2:45  Siege Tank  
  25  2:47  SCV  
  29  3:05  Marine x2  
  29  3:07  Medivac  
  33  3:12  Supply Depot  
  33  3:19  SCV  
  34  3:23  Marine x2  
  34  3:26  Siege Tank  
  39  3:29  Engineering Bay  
  39  3:35  Supply Depot  
  39  3:37  Starport Reactor  
  39  3:47  Marine x2  
  41  3:56  Missile Turret  
  41  3:58  Supply Depot, Missile Turret  
  41  4:06  Marine x2  
  43  4:22  Siege Tank  
  43  4:24  Marine  
  46  4:28  Liberator  
  44  4:37  Liberator  
  47  4:49  Marine x2  
  52  5:02  Supply Depot  
  52  5:05  SCV  
  52  5:06  Marine  
  52  5:07  Marine  
  55  5:20  Siege Tank  
  58  5:24  Marine x2  
  60  5:42  Marine x2  
  59  5:55  Siege Tank  
  60  6:01  Medivac  
  62  6:06  Marine x2  
  62  6:11  Supply Depot  
  64  6:20  Medivac  
  64  6:23  Marine  
  64  6:24  Marine  
  68  6:41  Marine x2  
Tags
 
Add a new tag
Caveats
  • Supply blocks, unpowered buildings, or Contaminate may cause inaccurate times.
  • Supply counts are checked every 10 seconds.